ESL (28 & UNDER)
PENQUANNOCK OVERRATED JETER @ NEWARK BULLDOGS
09/20/2029
 
TOP OF THE 1ST
Penquannock Overrated Jeter batting - Pitching for Newark Bulldogs : RHP Bart Brown
Pitching: RHP Bart Brown
Batting: RHB Gary Wyatt 0-0: Called Strike
0-1: Swinging Strike
0-2: Strikes out swinging
Batting: LHB Roberto Trujillo 0-0: Ball
1-0: Ball
2-0: Ball
3-0: Base on Balls
Batting: LHB Félix Costa 0-0: Ball
1-0: Foul Ball, location: 2F
1-1: Ball
2-1: Foul Ball, location: 2F
2-2: Foul Ball, location: 2F
2-2: Ball
3-2: Reached on error, E4 (Groundball, 4)
Roberto Trujillo to second
Batting: SHB Cristián López 0-0: Called Strike
0-1: Foul Ball, location: 2F
0-2: Ball
1-2: Ball
2-2: Ball
3-2: Fielders Choice at 2nd, 3-6 (Groundball, 34)
Roberto Trujillo to third
Batting: SHB Tim Reid 0-0: Called Strike
0-1: SINGLE (Line Drive, 6M)
Roberto Trujillo scores
Cristián López to second
Runner from 2nd tries for 3rd, SAFE, no throw
Batting: LHB Eric Powell 0-0: Foul Ball, location: 2F
0-1: Foul Ball, location: 2F
0-2: Ball
1-2: Foul Ball, location: 2F
1-2: Ball
2-2: Ball
3-2: Strikes out swinging
Top of the 1st over - 1 run, 1 hit, 1 error, 2 left on base; Penquannock 1 - Newark 0
BOTTOM OF THE 1ST
Newark Bulldogs batting - Pitching for Penquannock Overrated Jeter : RHP Dustin Lynch
Pitching: RHP Dustin Lynch
Batting: RHB Aurelio Cruz 0-0: SINGLE (Flyball, 78M)
Batting: LHB Gerardo Guzmán 0-0: Called Strike
0-1: Fly out, F8 (Flyball, 8RD)
Batting: RHB Jorge Flores 0-0: Called Strike
0-1: Ball
1-1: Called Strike
1-2: Foul Ball, location: 2F
1-2: Foul Ball, location: 2F
1-2: Ball
2-2: Fly out, F5 (Line Drive, 5)
Batting: RHB Michael Skinner 0-0: Ball
1-0: Foul Ball, location: 2F
1-1: Ball
2-1: Foul Ball, location: 2F
2-2: Strikes out swinging
Bottom of the 1st over - 0 runs, 1 hit, 0 errors, 1 left on base; Penquannock 1 - Newark 0
TOP OF THE 2ND
Penquannock Overrated Jeter batting - Pitching for Newark Bulldogs : RHP Bart Brown
Batting: LHB Pepe González 0-0: Ball
1-0: Called Strike
1-1: Swinging Strike
1-2: SINGLE (Groundball, 56D)
Batting: RHB Phil Wright 0-0: Called Strike
0-1: Ball
1-1: Foul Ball, location: 2F
1-2: Ball
2-2: Ball
Pepe González steals 2nd base
3-2: Ground out 6-3 (Groundball, 6MD)
Pepe González to third
Batting: RHB Bernardo Enríquez 0-0: Ball
1-0: DOUBLE (Line Drive, 9LD)
Pepe González scores
Batting: RHB Gary Wyatt 0-0: Swinging Strike
0-1: Foul Ball, location: 2F
0-2: Ball
1-2: Fly out, F7 (Line Drive, 7S)
Batting: LHB Roberto Trujillo 0-0: Fly out, F9 (Flyball, 9)
Top of the 2nd over - 1 run, 2 hits, 0 errors, 1 left on base; Penquannock 2 - Newark 0
BOTTOM OF THE 2ND
Newark Bulldogs batting - Pitching for Penquannock Overrated Jeter : RHP Dustin Lynch
Batting: LHB John Clark 0-0: Ground out U3 (Groundball, 3)
Batting: SHB Ismael Sánchez 0-0: Ball
1-0: Ball
2-0: Foul Ball, location: 2F
2-1: Ball
3-1: Foul Ball, location: 2F
3-2: Foul Ball, location: 2F
3-2: Foul Ball, location: 2F
3-2: Ground out 3-1 (Groundball, 34)
Batting: RHB Francisco Domínguez 0-0: SINGLE (Groundball, 56D)
Batting: RHB Dan McKay 0-0: Ball
1-0: Called Strike
1-1: Swinging Strike
1-2: Ball
2-2: Ball
3-2: TRIPLE (Flyball, 8LXD)
Francisco Domínguez scores
Batting: RHB Edgardo Hernández 0-0: Ground out U3 (Groundball, 34S)
Bottom of the 2nd over - 1 run, 2 hits, 0 errors, 1 left on base; Penquannock 2 - Newark 1
TOP OF THE 3RD
Penquannock Overrated Jeter batting - Pitching for Newark Bulldogs : RHP Bart Brown
Batting: LHB Félix Costa 0-0: Ball
1-0: Called Strike
1-1: Foul Ball, location: 2F
1-2: Ball
2-2: Foul Ball, location: 2F
2-2: Strikes out swinging
Batting: SHB Cristián López 0-0: Called Strike
0-1: Swinging Strike
0-2: Ball
1-2: Ground out 6-3 (Groundball, 6)
Batting: SHB Tim Reid 0-0: Ball
1-0: Foul Ball, location: 2F
1-1: Foul Ball, location: 2F
1-2: TRIPLE (Flyball, 9D)
Batting: LHB Eric Powell 0-0: Ball
1-0: Foul Ball, location: 2F
1-1: Called Strike
1-2: Ball
2-2: Foul Ball, location: 2F
2-2: Fly out, F8 (Flyball, 8RXD)
Top of the 3rd over - 0 runs, 1 hit, 0 errors, 1 left on base; Penquannock 2 - Newark 1
BOTTOM OF THE 3RD
Newark Bulldogs batting - Pitching for Penquannock Overrated Jeter : RHP Dustin Lynch
Batting: RHB Aurelio Cruz 0-0: Swinging Strike
0-1: Ball
1-1: Ball
2-1: SINGLE (Groundball, 6MD)
Batting: LHB Gerardo Guzmán 0-0: Called Strike
0-1: Called Strike
0-2: Ball
Aurelio Cruz steals 2nd base
1-2: Ball
2-2: Ball
3-2: Base on Balls
Batting: RHB Jorge Flores 0-0: Ball
1-0: Ball
2-0: Called Strike
2-1: Ball
3-1: Called Strike
3-2: Foul Ball, location: 2F
3-2: Base on Balls
Aurelio Cruz to third
Gerardo Guzmán to second
Batting: RHB Michael Skinner 0-0: Ball
1-0: Foul Ball, location: 2F
1-1: Foul Ball, location: 2F
1-2: GRAND SLAM HOME RUN (Flyball, 7D), Distance : 366 ft
Batting: LHB John Clark 0-0: Ball
1-0: Called Strike
1-1: Fly out, F7 (Line Drive, 7D)
Batting: SHB Ismael Sánchez 0-0: Ball
1-0: Ball
2-0: Ball
3-0: Called Strike
3-1: Ground out U3 (Groundball, 34)
Batting: RHB Francisco Domínguez 0-0: Fly out, F7 (Flyball, 7)
Bottom of the 3rd over - 4 runs, 2 hits, 0 errors, 0 left on base; Penquannock 2 - Newark 5
TOP OF THE 4TH
Penquannock Overrated Jeter batting - Pitching for Newark Bulldogs : RHP Bart Brown
Batting: LHB Pepe González 0-0: Ball
1-0: Ball
2-0: Swinging Strike
2-1: Swinging Strike
2-2: Ball
3-2: Foul Ball, location: 2F
3-2: Strikes out swinging
Batting: RHB Phil Wright 0-0: Foul Ball, location: 2F
0-1: Ball
1-1: Ball
2-1: SOLO HOME RUN (Flyball, 7D), Distance : 356 ft
Batting: RHB Bernardo Enríquez 0-0: Called Strike
0-1: SINGLE (Groundball, 56D)
Batting: RHB Gary Wyatt 0-0: Called Strike
0-1: Foul Ball, location: 2F
0-2: Foul Ball, location: 2F
0-2: Foul Ball, location: 2F
0-2: Fly out, F8 (Flyball, 8RM)
Batting: LHB Roberto Trujillo 0-0: Called Strike
0-1: Ball
1-1: DOUBLE (Line Drive, 8RXD)
Bernardo Enríquez to third
Runner from 3rd tries for Home, SAFE, no throw
Batting: LHB Félix Costa 0-0: SINGLE (Groundball, 56S) (infield hit)
Roberto Trujillo to third
Batting: SHB Cristián López 0-0: Ball
1-0: Foul Ball, location: 2F
1-1: Swinging Strike
1-2: Foul Ball, location: 2F
1-2: Strikes out swinging
Top of the 4th over - 2 runs, 4 hits, 0 errors, 2 left on base; Penquannock 4 - Newark 5
BOTTOM OF THE 4TH
Newark Bulldogs batting - Pitching for Penquannock Overrated Jeter : RHP Dustin Lynch
Batting: RHB Dan McKay 0-0: Ball
1-0: Ball
2-0: Called Strike
2-1: Foul Ball, location: 2F
2-2: Strikes out swinging
Batting: RHB Edgardo Hernández 0-0: Ball
1-0: Ball
2-0: Called Strike
2-1: Ball
3-1: Foul Ball, location: 2F
3-2: Strikes out swinging
Batting: RHB Aurelio Cruz 0-0: Ground out 5-3 (Groundball, 56)
Bottom of the 4th over - 0 runs, 0 hits, 0 errors, 0 left on base; Penquannock 4 - Newark 5
TOP OF THE 5TH
Penquannock Overrated Jeter batting - Pitching for Newark Bulldogs : RHP Bart Brown
Pitching: LHP Vicente López
Batting: SHB Tim Reid 0-0: Ground out 5-3 (Groundball, 56)
Batting: LHB Eric Powell 0-0: Ground out 3-1 (Groundball, 34)
Batting: LHB Pepe González 0-0: Called Strike
0-1: Called Strike
0-2: Ball
1-2: Foul Ball, location: 2F
1-2: Strikes out swinging
Top of the 5th over - 0 runs, 0 hits, 0 errors, 0 left on base; Penquannock 4 - Newark 5
BOTTOM OF THE 5TH
Newark Bulldogs batting - Pitching for Penquannock Overrated Jeter : RHP Dustin Lynch
Batting: LHB Gerardo Guzmán 0-0: Ball
1-0: Foul Ball, location: 2F
1-1: Ball
2-1: Swinging Strike
2-2: Ball
3-2: Strikes out looking
Batting: RHB Jorge Flores 0-0: DOUBLE (Flyball, 89D)
Batting: RHB Michael Skinner 0-0: SINGLE (Groundball, 56S) (infield hit)
Jorge Flores to third
Batting: LHB John Clark 0-0: Swinging Strike
0-1: Foul Ball, location: 2F
0-2: Foul Ball, location: 2F
0-2: Ball
1-2: Fly out, F8 (Flyball, 8LM)
Runner from 3rd tags up, SCORES, throw made
Pitching: RHP Ramiro Vargas
Batting: SHB Ismael Sánchez 0-0: Swinging Strike
0-1: Ground out U3 (Groundball, 3)
Bottom of the 5th over - 1 run, 2 hits, 0 errors, 1 left on base; Penquannock 4 - Newark 6
TOP OF THE 6TH
Penquannock Overrated Jeter batting - Pitching for Newark Bulldogs : LHP Vicente López
Batting: RHB Phil Wright 0-0: Foul Ball, location: 2F
0-1: Swinging Strike
0-2: Foul Ball, location: 2F
0-2: Ball
1-2: Foul Ball, location: 2F
1-2: Ball
2-2: Foul Ball, location: 2F
2-2: Ball
3-2: Strikes out swinging
Batting: RHB Bernardo Enríquez 0-0: Fly out, F7 (Flyball, 78S)
Batting: RHB Gary Wyatt 0-0: Called Strike
0-1: Ball
1-1: Ball
2-1: Foul Ball, location: 2F
2-2: Strikes out swinging
Top of the 6th over - 0 runs, 0 hits, 0 errors, 0 left on base; Penquannock 4 - Newark 6
BOTTOM OF THE 6TH
Newark Bulldogs batting - Pitching for Penquannock Overrated Jeter : RHP Ramiro Vargas
Batting: RHB Francisco Domínguez 0-0: Called Strike
0-1: Foul Ball, location: 2F
0-2: Ball
1-2: Strikes out looking
Batting: RHB Dan McKay 0-0: Ball
1-0: Swinging Strike
1-1: Foul Ball, location: 2F
1-2: Foul Ball, location: 2F
1-2: Strikes out swinging
Batting: RHB Edgardo Hernández 0-0: Ball
1-0: Ball
2-0: Ball
3-0: Base on Balls
Batting: RHB Aurelio Cruz 0-0: Ball
1-0: Foul Ball, location: 2F
1-1: Ball
2-1: Called Strike
2-2: Ball
3-2: Strikes out swinging
Bottom of the 6th over - 0 runs, 0 hits, 0 errors, 1 left on base; Penquannock 4 - Newark 6
TOP OF THE 7TH
Penquannock Overrated Jeter batting - Pitching for Newark Bulldogs : LHP Vicente López
Batting: LHB Roberto Trujillo 0-0: Foul Ball, location: 2F
0-1: Ball
1-1: Ball
2-1: Ball
3-1: Base on Balls
Batting: LHB Félix Costa 0-0: Called Strike
0-1: Fly out, F9 (Flyball, 9LM)
Batting: SHB Cristián López 0-0: Ball
1-0: Grounds into double play, 6-4-3 (Groundball, 6)
Top of the 7th over - 0 runs, 0 hits, 0 errors, 0 left on base; Penquannock 4 - Newark 6
BOTTOM OF THE 7TH
Newark Bulldogs batting - Pitching for Penquannock Overrated Jeter : RHP Ramiro Vargas
Batting: LHB Gerardo Guzmán 0-0: Called Strike
0-1: Ball
1-1: Called Strike
1-2: Strikes out looking
Batting: RHB Jorge Flores 0-0: Called Strike
0-1: Called Strike
0-2: Ball
1-2: Ground out 6-3 (Groundball, 6)
Batting: RHB Michael Skinner 0-0: Fly out, F7 (Flyball, 7D)
Bottom of the 7th over - 0 runs, 0 hits, 0 errors, 0 left on base; Penquannock 4 - Newark 6
TOP OF THE 8TH
Penquannock Overrated Jeter batting - Pitching for Newark Bulldogs : LHP Vicente López
Pitching: RHP Roberto Cordero
Now at 1B: Ben Kearley
Batting: SHB Tim Reid 0-0: Called Strike
0-1: Ball
1-1: Ball
2-1: Ball
3-1: Base on Balls
Batting: LHB Eric Powell 0-0: Foul Ball, location: 2F
0-1: Called Strike
0-2: Strikes out looking
Batting: LHB Pepe González 0-0: Called Strike
0-1: Ball
1-1: Ball
2-1: Swinging Strike
2-2: Foul Ball, location: 2F
2-2: Ball
3-2: Base on Balls
Tim Reid to second
Pinch Hitting: LHB José Morales 0-0: Called Strike
0-1: Fly out, F8 (Flyball, 8RS)
Batting: RHB Bernardo Enríquez 0-0: Swinging Strike
0-1: Foul Ball, location: 2F
0-2: Ball
1-2: Foul Ball, location: 2F
1-2: Foul Ball, location: 2F
1-2: Foul Ball, location: 2F
1-2: Strikes out swinging
Top of the 8th over - 0 runs, 0 hits, 0 errors, 2 left on base; Penquannock 4 - Newark 6
BOTTOM OF THE 8TH
Newark Bulldogs batting - Pitching for Penquannock Overrated Jeter : RHP Ramiro Vargas
Now in LF: José Morales
Batting: LHB John Clark 0-0: Ball
1-0: Called Strike
1-1: Ball
2-1: Ball
3-1: Swinging Strike
3-2: Strikes out swinging
Batting: SHB Ismael Sánchez 0-0: Ball
1-0: Called Strike
1-1: Ground out 1-3 (Groundball, 13S)
Batting: RHB Francisco Domínguez 0-0: Called Strike
0-1: Foul Ball, location: 2F
0-2: Ball
1-2: Foul Ball, location: 2F
1-2: Ground out 6-3 (Groundball, 6)
Bottom of the 8th over - 0 runs, 0 hits, 0 errors, 0 left on base; Penquannock 4 - Newark 6
TOP OF THE 9TH
Penquannock Overrated Jeter batting - Pitching for Newark Bulldogs : RHP Roberto Cordero
Now at 2B: David Boyle
Now in RF: Ángel Tuzzi
Batting: RHB Gary Wyatt 0-0: Foul Ball, location: 2F
0-1: Fly out, F8 (Line Drive, 78D)
Batting: LHB Roberto Trujillo 0-0: Foul Ball, location: 2F
0-1: Foul Ball, location: 2F
0-2: Foul Ball, location: 2F
0-2: Ball
1-2: Foul Ball, location: 2F
1-2: Ball
2-2: DOUBLE (Line Drive, 8LD)
Batting: LHB Félix Costa 0-0: Ball
1-0: Ground out 3-1 (Groundball, 34)
Roberto Trujillo to third
Batting: SHB Cristián López 0-0: Foul Ball, location: 2F
0-1: Ball
1-1: Fly out, F7 (Flyball, 78M)
Top of the 9th over - 0 runs, 1 hit, 0 errors, 1 left on base; Penquannock 4 - Newark 6
Saturday, December 16th, 2017 - OOTP Baseball 18.8 Build 76